 Dungeon Crawl Stone Soup version 0.22.1-2-g9c5b331383 (webtiles) character file.

1553 Pocketmage the Chucker (level 8, -2/78 HPs)
             Began as a Troll Hunter on Nov 30, 2018.
             Was a Follower of Elyvilon.
             Shot with an arrow by a centaur (7 damage)
             ... on level 6 of the Dungeon.
             The game lasted 00:26:38 (4212 turns).

Pocketmage the Chucker (Troll Hunter)               Turns: 4212, Time: 00:26:38

Health: -2/78      AC:  5    Str: 21    XL:     8   Next: 57%
Magic:  4/8        EV: 11    Int: 12    God:    Elyvilon [*.....]
Gold:   210        SH:  0    Dex: 12    Spells: 7/7 levels left

rFire    . . .     SeeInvis .     - Unarmed
rCold    . . .     Gourm    +   (no shield)
rNeg     . . .     Faith    .   b - +0 robe
rPois    .         Spirit   .   (helmet restricted)
rElec    .         Reflect  .   (no cloak)
rCorr    .         Harm     .   (gloves unavailable)
MR       .....                  (boots unavailable)
Stlth    +.........             (no amulet)
HPRegen  0.63/turn              u - +5 ring of intelligence
MPRegen  0.11/turn              (no ring)

@: no status effects
A: large, unfitting armour, claws 3, fast metabolism 3, gourmand, regeneration
1, shaggy fur 1, tough skin 2
a: Lesser Healing, Divine Protection, Renounce Religion


You were on level 6 of the Dungeon.
You worshipped Elyvilon.
Elyvilon was aware of your devotion.
You were full.

You visited 1 branch of the dungeon, and saw 6 of its levels.

You collected 210 gold pieces.

Inventory:

Hand Weapons
 a - a +0 hunting sling
 v - the cursed +2 dagger "Vojeonk" {pierce, +Rage, unknown}
   (You found it on level 4 of the Dungeon)

   It inflicts extra damage upon your enemies.
   It lets you go berserk.
   It has a curse placed upon it.
Missiles
 g - 47 stones (quivered)
Armour
 b - a +0 robe (worn)
Jewellery
 u - a +5 ring of intelligence (left claw)
Wands
 d - a wand of acid (2)
Scrolls
 e - 3 scrolls of teleportation
 h - 5 scrolls of identify
 i - a scroll of amnesia
 k - 4 scrolls of fear
 m - a scroll of fog {unknown}
 n - a scroll of magic mapping {unknown}
 q - 2 scrolls of remove curse
Potions
 c - 5 potions of curing {unknown}
 j - a potion of resistance {unknown}
 l - a potion of brilliance {unknown}
 o - a potion of degeneration {unknown}
 p - 2 potions of mutation {unknown}
 r - 2 potions of berserk rage {unknown}
 s - a potion of heal wounds {unknown}
 t - a potion of might {unknown}
 z - 2 potions of ambrosia {unknown}
Comestibles
 f - 7 rations


   Skills:
 + Level 4.1 Fighting
 * Level 7.1 Throwing
 + Level 4.1 Dodging
 - Level 0.3 Stealth
 + Level 4.4 Unarmed Combat
 + Level 2.3 Invocations


You had 7 spell levels left.
You didn't know any spells.
Your spell library contained the following spells:

 Spells                   Type           Power        Failure   Level  Hunger
 Freeze                   Ice            #...         32%         1    ##.....
 Throw Frost              Conj/Ice       #.....       45%         2    ###....
 Ozocubu's Armour         Chrm/Ice       #.......     69%         3    ####...
 Summon Ice Beast         Ice/Summ       #.......     97%         4    #####..
 Throw Icicle             Conj/Ice       #.......     97%         4    #####..


Dungeon Overview and Level Annotations

Branches:
Dungeon (6/15)
 Temple: D:4-7

Altars:
Ashenzari
Elyvilon
Gozag
Kikubaaqudgha
Sif Muna
Uskayaw
The Shining One

Shops:
D:4 %


Innate Abilities, Weirdness & Mutations

You are too large for most types of armour.
You have claws for hands.
Your metabolism is lightning-fast.
You like to eat raw meat.
Your natural rate of healing is unusually fast.
You are covered in fur. (AC +1)
You have very tough skin. (AC +2)


Message History

You are too injured to fight recklessly!
You completely miss the centaur.
The centaur is severely wounded.
The orc shouts!
The centaur closely misses you.
The gnoll hits you from afar with a halberd.
* * * LOW HITPOINT WARNING * * *
The orc wizard gestures wildly while chanting.
The orc wizard flickers and vanishes!
Deactivating autopickup; reactivate with Ctrl-A.
The centaur shoots an arrow.
The arrow completely misses you.
The gnoll shaman calls upon its god to speed up the gnoll.
The gnoll seems to speed up.
The centaur shoots an arrow.
The arrow hits you!
* * * LOW HITPOINT WARNING * * *
You see here an arrow.
The centaur shoots an arrow.
The arrow hits you!
* * * LOW HITPOINT WARNING * * *
You see here an arrow.
The centaur shoots an arrow.
The arrow hits you!
You die...

#.##.##.##..........####.
#.##.#..##..........####(
#.##.........รท...........
#.##..#.##(.........####.
..##..#.#...........# #.
..##......#........## #.
......###.......## ##
..#..####.#######
.###...@...# ..#....(#####
....##(.# .. #)## #c#


gg# ..gg ..oo. ....... You could see a centaur, a gnoll shaman, a gnoll and an
orc.

Vanquished Creatures
  Prince Ribbit (D:5)
  Sigmund (D:5)
  Menkaure (D:4)
  Edmund (D:5)
  A sky beast (D:5)
  A phantom (D:4)
  An ogre (D:5)
  Blork the orc (D:4)
  A bullfrog (D:6)
  A howler monkey (D:5)
  2 hounds
  An orc wizard (D:3)
  An orc priest (D:4)
  2 iguanas (D:4)
  Terence (D:3)
  4 worker ants
  4 hound skeletons
  5 gnolls
  5 adders
  3 worms
  A dart slug (D:1)
  A leopard gecko (D:1)
  10 orcs
  2 ball pythons
  6 giant cockroaches
  4 goblins
  8 hobgoblins
  19 jackals
  3 quokkas
  11 bats
  5 frilled lizards
  5 kobolds
  3 rats
  A rat zombie (D:3)
117 creatures vanquished.

Notes
Turn   | Place    | Note
-------+----------+-------------------------------------------
     0 | D:1      | Pocketmage the Troll Hunter began the quest for the Orb.
     0 | D:1      | Reached XP level 1. HP: 19/19 MP: 0/0
    66 | D:1      | Reached XP level 2. HP: 28/28 MP: 1/1
   398 | D:1      | Reached skill level 4 in Throwing
   412 | D:1      | Reached skill level 1 in Unarmed Combat
   485 | D:1      | Reached XP level 3. HP: 35/35 MP: 2/2
  1260 | D:3      | Reached XP level 4. HP: 41/42 MP: 3/3
  1321 | D:3      | Noticed Terence
  1339 | D:3      | Killed Terence
  1440 | D:3      | Reached XP level 5. HP: 50/50 MP: 4/4
  1833 | D:3      | Found an ancient bone altar of Kikubaaqudgha.
  1938 | D:4      | Noticed Blork the orc
  1946 | D:4      | Killed Blork the orc
  1954 | D:4      | Reached skill level 5 in Throwing
  1955 | D:4      | Noticed a phantom
  1984 | D:4      | Killed a phantom
  1984 | D:4      | Reached XP level 6. HP: 28/59 MP: 5/5
  2140 | D:4      | Found a white marble altar of Elyvilon.
  2158 | D:4      | Became a worshipper of Elyvilon the Healer
  2224 | D:4      | Noticed Menkaure
  2240 | D:4      | Elyvilon protects you from harm!
  2241 | D:4      | Killed Menkaure
  2330 | D:4      | Found Ifeplas's Food Shoppe.
  2350 | D:4      | Got an ivory dagger
  2467 | D:4      | Reached XP level 7. HP: 67/67 MP: 6/6
  2512 | D:4      | Found an opulent altar of Gozag.
  2527 | D:4      | Found a glowing golden altar of the Shining One.
  2530 | D:4      | Found a shattered altar of Ashenzari.
  2540 | D:4      | Found a hide-covered altar of Uskayaw.
  2829 | D:5      | Entered Level 5 of the Dungeon
  3234 | D:4      | Reached skill level 6 in Throwing
  3450 | D:5      | Reached skill level 1 in Invocations
  3469 | D:5      | Noticed Prince Ribbit
  3479 | D:5      | Killed Prince Ribbit
  3479 | D:5      | Reached XP level 8. HP: 78/78 MP: 6/8
  3534 | D:5      | Noticed Sigmund
  3547 | D:5      | Killed Sigmund
  3631 | D:5      | Reached * piety under Elyvilon
  3740 | D:5      | Noticed Edmund
  3745 | D:5      | Killed Edmund
  3902 | D:5      | Found a deep blue altar of Sif Muna.
  4132 | D:6      | Reached skill level 7 in Throwing
  4212 | D:6      | Shot with an arrow by a centaur

Skill      XL: |  1  2  3  4  5  6  7  8 |
---------------+-------------------------+-----
Throwing       | 4 5 6 7 |  7.1
Unarmed Combat | 1 2 3 4 |  4.4
Dodging        | 2 3 4 |  4.1
Fighting       | 2 3 4 |  4.1
Invocations    | 1 2 |  2.3
Stealth        | |  0.3

Action                   |  1- 3 |  4- 6 |  7- 9 || total
-------------------------+-------+-------+-------++-------
Melee: Unarmed           |    76 |   130 |   107 ||   313
       Punch             |       |     2 |     2 ||     4
Throw: Large rock        |    43 |     3 |    22 ||    68
       Stone             |     6 |    70 |    47 ||   123
       Throwing net      |     5 |       |     4 ||     9
Invok: Lesser Healing    |       |       |     4 ||     4
  Use: Scroll            |       |       |     7 ||     7
 Stab: Sleeping          |     1 |       |       ||     1
  Eat: Chunk             |    17 |    11 |    14 ||    42
Armor: Robe              |    28 |    53 |     8 ||    89
Dodge: Dodged            |    36 |    65 |    63 ||   164
